 Dungeon Crawl Stone Soup version 0.23.2-1-ga50397a6bc (webtiles) character file.

Game seed: 1364546397412606261

111 Menchi the Skirmisher (level 4, -7/44 HPs)
             Began as a Naga Fighter on May 18, 2019.
             Mangled by a gnoll
             ... wielding a +0 halberd
              (11 damage)
             ... on level 2 of the Dungeon.
             The game lasted 00:02:44 (2169 turns).

Menchi the Skirmisher (Naga Fighter)                Turns: 2169, Time: 00:02:45

Health: -7/44      AC:  4    Str: 20    XL:     4   Next: 92%
Magic:  4/4        EV:  8    Int:  8    God:
Gold:   148        SH:  0    Dex: 10    Spells: 3/3 levels left

rFire    . . .     SeeInvis +   a - +0 trident
rCold    . . .     Gourm    .   (no shield)
rNeg     . . .     Faith    .   b - +0 scale mail
rPois    +         Spirit   .   (no helmet)
rElec    .         Reflect  .   (no cloak)
rCorr    .         Harm     .   (no gloves)
MR       .....                  (no barding)
Stlth    ..........             (no amulet)
HPRegen  0.14/turn              (no ring)
MPRegen  0.09/turn              (no ring)

@: short of breath, very slow
A: large, see invisible, deformed body, poison resistance, slowness 2, slow
metabolism 1, spit poison 1, AC +1
a: Spit Poison


You were on level 2 of the Dungeon.
You were not hungry.

You visited 1 branch of the dungeon, and saw 2 of its levels.

You collected 148 gold pieces.

Inventory:

Hand Weapons
 a - a +0 trident (weapon)
Armour
 b - a +0 scale mail (worn)
 c - a +0 shield
Scrolls
 e - 2 scrolls of enchant weapon {unknown}
 h - 2 scrolls of identify {unknown}
 i - a scroll of remove curse {unknown}
 j - a scroll of teleportation {unknown}
Potions
 d - a potion of might
 g - 2 potions of brilliance {unknown}
 k - a potion of haste {unknown}
 m - a potion of curing {unknown}
Comestibles
 f - 2 rations


   Skills:
 * Level 4.1 Fighting
 * Level 3.4 Polearms
 - Level 2.4 Armour
 + Level 1.3 Dodging
 - Level 2.4 Shields


You had 3 spell levels left.
You didn't know any spells.
Your spell library was empty.

Dungeon Overview and Level Annotations

Branches:
Dungeon (2/15)

Altars:


Innate Abilities, Weirdness & Mutations

You cannot wear boots.
Your serpentine skin is tough. (AC +1)
You have supernaturally acute eyesight. (SInv)
Armour fits poorly on your strangely shaped body.
Your system is resistant to poisons. (rPois)
You cover ground very slowly.
You have a slow metabolism.
You can spit poison.


Message History

You puncture the adder!
You kill the adder!
No target in view!
A gnoll comes into view. It is wielding a +0 halberd.
A gnoll is nearby!
Attack whom?
Press: ? - help, Dir - move target cursor, f - gnoll
Aim: a gnoll, wielding a +0 halberd You reach to attack!
You hit the gnoll.
The gnoll is moderately wounded.
The gnoll hits you from afar with a +0 halberd!
Press: ? - help, Shift-Dir - straight line, f/p - gnoll
Aim: a gnoll, wielding a +0 halberd (moderately wounded)
The splash of poison hits the gnoll.
The gnoll is heavily wounded.
You feel slightly more hungry.
The gnoll hits you from afar with a +0 halberd!
* * * LOW HITPOINT WARNING * * *
The gnoll hits you with a +0 halberd!
You die...

#.#.##.# #.......# #.# #.#.##.#
###.....## #.# #########.#.##.#
#......## #.# .......##.#.##.#
#.# #.# #.. .#####.##.#.##.#
#.###.# ###
.#####.##......#####.#...########
............####...#.#.#.........
.#####.###### #.#.......##.##.##
.#####.# #@###.....##.##.##
.......# #g# ###...##.##...
######## #.# ###.##.##### ..#
#.##.# # .## #.##.. . .. #.####
## .. ... #.>


You could see a gnoll.

Vanquished Creatures
  A howler monkey (D:2)
  An adder (D:2)
  2 oozes (D:1)
  A worm (D:2)
  3 dart slugs
  3 giant cockroaches
  6 goblins
  5 hobgoblins
  3 jackals (D:2)
  7 bats
  2 frilled lizards (D:2)
  3 kobolds (D:1)
  7 rats
44 creatures vanquished.

Notes
Turn   | Place    | Note
-------+----------+-------------------------------------------
     0 | D:1      | Menchi the Naga Fighter began the quest for the Orb.
     0 | D:1      | Reached XP level 1. HP: 21/21 MP: 1/1
    44 | D:1      | Reached XP level 2. HP: 27/28 MP: 2/2
   366 | D:1      | Reached XP level 3. HP: 34/34 MP: 3/3
  1093 | D:2      | Reached skill level 1 in Dodging
  1731 | D:2      | Reached skill level 4 in Fighting
  1731 | D:2      | Reached XP level 4. HP: 14/44 MP: 4/4
  2169 | D:2      | Mangled by a gnoll

Skill      XL: |  1  2  3 |
---------------+----------+-----
Dodging        | 1 |  1.3
Polearms       | 3 |  3.4
Fighting       | 4 |  4.1
Armour         | |  2.4
Shields        | |  2.4

Action                   |  1- 3 |  4- 6 || total
-------------------------+-------+-------++-------
Melee: Trident           |   168 |    30 ||   198
 Abil: Spit Poison       |     3 |     2 ||     5
  Eat: Chunk             |     2 |     1 ||     3
Armor: Scale mail        |    72 |    17 ||    89
Dodge: Dodged            |    65 |    17 ||    82
